AoeStats
← Kez

Fortress

509879662Analyzed
3v3 RM · 4d ago on Sep 28, 2026· 42m 41s· 6 players
Game mode
Random Map
Map size
Large (8 player)
Population
200
Speed
Normal
Resources
Standard
Victory
Conquest
Starting age
Dark Age
Ending age
Imperial Age
RankedLock teamsTeams togetherTeam positionsShared explorationLock speedFull tech treeHidden civsTurbo modeCheats
Victory
Defeat
🇦🇷 Saracens · Argentina
1310
+18
🇰🇷 Spanish · South Korea
1244
+20
🇳🇱 Muisca · Netherlands
1223
+21
🇫🇷 Spanish · France
1413
-22
🇸🇪 Varangians · Sweden
1349
-20
🇪🇸 Wei · Spain
1267
-17
clarence claymore
7:24 Feudal Age
8:18 Horse Collar
8:24 Double-Bit Axe
10:02 Loom
12:48 Castle Age
12:57 Gold Mining
14:32 Wheelbarrow
14:45 Bow Saw
15:12 Bloodlines
15:13 Husbandry
16:42 Heavy Plow
23:52 Forging
23:47 Scale Barding Armor
27:07 Chain Barding Armor
27:22 Iron Casting
27:23 Hand Cart
27:59 Fletching
29:29 Padded Archer Armor
29:43 Bodkin Arrow
29:59 Elite Skirmisher
34:06 Imperial Age
32:16 Town Watch
32:50 Leather Archer Armor
33:14 Ballistics
34:23 Squires
33:44 Pikeman
35:26 Bracer
36:01 Conscription
36:24 Halberdier
37:55 Scale Mail Armor
38:56 Blast Furnace
CampaCar
7:38 Feudal Age
11:12 Castle Age
9:37 Double-Bit Axe
9:39 Horse Collar
13:12 Forging
13:09 Scale Barding Armor
13:05 Heavy Plow
13:19 Loom
23:01 Tuntian
25:03 Town Watch
26:40 Wheelbarrow
27:04 Husbandry
28:47 Bloodlines
28:14 Light Cavalry
30:13 Iron Casting
31:01 Hand Cart
31:14 Caravan
32:47 Town Patrol
38:03 Imperial Age
37:51 Bow Saw
38:06 Ballistics
39:20 Chain Barding Armor
39:02 Hussar
40:08 Conscription
42:35 Ming Guang Armor
PiroNoSkill
7:59 Feudal Age
11:51 Castle Age
9:44 Double-Bit Axe
10:03 Horse Collar
11:01 Gold Mining
13:01 Inquisition
15:12 Heavy Plow
19:13 Sanctity
19:15 Loom
20:07 Atonement
20:56 Redemption
22:04 Fervor
26:38 Imperial Age
27:27 Wheelbarrow
27:49 Bloodlines
27:39 Husbandry
29:33 Block Printing
30:10 Theocracy
30:06 Hand Cart
29:17 Elite Conquistador
30:56 Capped Ram
32:41 Padded Archer Armor
32:45 Husbandry
35:12 Chemistry
34:49 Light Cavalry
35:35 Scale Barding Armor
35:16 Siege Ram
36:58 Leather Archer Armor
38:45 Hussar
39:46 Chain Barding Armor
39:37 Forging
Kez
7:47 Feudal Age
11:28 Castle Age
9:28 Double-Bit Axe
9:35 Horse Collar
10:05 Gold Mining
10:22 Loom
13:56 Town Watch
20:06 Sanctity
19:55 Scale Mail Armor
21:32 Wheelbarrow
24:02 Hand Cart
27:35 Devotion
27:40 Atonement
28:23 Bow Saw
28:04 Stone Mining
30:49 Fletching
31:23 Heavy Plow
33:56 Imperial Age
33:19 Bodkin Arrow
33:36 Squires
33:47 Forging
34:12 Padded Archer Armor
34:53 Ballistics
34:31 Murder Holes
34:51 Elite Temple Guard
36:55 Conscription
37:54 Bracer
38:06 Masonry
38:37 Hoardings
40:05 Chain Mail Armor
42:12 Plate Mail Armor
XI JINPING
7:41 Feudal Age
8:07 Double-Bit Axe
12:26 Castle Age
10:52 Horse Collar
11:26 Fletching
13:58 Bow Saw
15:31 Wheelbarrow
18:23 Loom
19:51 Padded Archer Armor
20:25 Husbandry
21:53 Bloodlines
23:25 Ballistics
24:09 Leather Archer Armor
28:48 Imperial Age
26:35 Hand Cart
31:17 Ring Archer Armor
32:01 Two-Man Saw
31:00 Bodkin Arrow
31:03 Gold Mining
31:03 Stone Mining
31:04 Gold Mining
31:55 Scale Barding Armor
32:47 Fervor
34:16 Illumination
33:55 Inquisition
34:18 Elite Conquistador
35:05 Bracer
36:09 Stone Shaft Mining
36:26 Chain Barding Armor
36:16 Forging
38:14 Chemistry
NahuXeneize
7:58 Feudal Age
11:57 Castle Age
10:05 Double-Bit Axe
10:15 Horse Collar
13:08 Bow Saw
13:46 Heavy Plow
13:48 Loom
20:21 Wheelbarrow
20:23 Gold Mining
21:49 Hand Cart
22:42 Husbandry
22:52 Bloodlines
23:11 Scale Barding Armor
23:16 Forging
26:48 Imperial Age
24:26 Town Watch
25:02 Chain Barding Armor
26:32 Iron Casting
28:04 Plate Barding Armor
27:54 Conscription
26:54 Elite Mameluke
29:03 Herbal Medicine
30:26 Hoardings
30:55 Blast Furnace
31:34 Two-Man Saw
31:12 Gold Shaft Mining
32:57 Chemistry
32:09 Masonry
32:04 Siege Engineers
33:32 Counterweights
Connection lost

Rejoining the realm…

Still unreachable

The connection could not be restored.

Session expired

The server has moved on; the page needs a fresh start.